 Dungeon Crawl Stone Soup version 0.22-a0-848-ge9e22a0 (webtiles) character file.

100 Leszczynek the Cutter (level 4, 1/27 HPs)
             Began as a Deep Elf Monk on July 26, 2018.
             Quit the game on level 2 of the Dungeon.
             The game lasted 00:06:03 (1154 turns).

Leszczynek the Cutter (Deep Elf Monk)               Turns: 1154, Time: 00:06:04

Health: 1/27       AC:  6    Str:  8    XL:     4   Next: 46%
Magic:  6/6        EV:  9    Int: 16    God:
Gold:   36         SH:  0    Dex: 17    Spells: 3/3 levels left

rFire    . . .     SeeInvis .   a - +0 short sword
rCold    . . .     Gourm    .   (no shield)
rNeg     . . .     Faith    .   h - +0 scale mail (curse)
rPois    .         Spirit   .   (no helmet)
rElec    .         Reflect  .   (no cloak)
rCorr    .         Harm     .   (no gloves)
MR       .....                  (no boots)
Stlth    +.........             (no amulet)
HPRegen  0.09/turn              (no ring)
MPRegen  0.10/turn              (no ring)

@: lethally poisoned (1 -> 0)
A: no striking features
a: no special abilities


You were on level 2 of the Dungeon.
You were not hungry.

You visited 1 branch of the dungeon, and saw 4 of its levels.

You collected 36 gold pieces.

Inventory:

Hand Weapons
 a - a +0 short sword (weapon)
 j - a +1 dagger of speed
 l - a +0 blowgun
Missiles
 f - 82 stones (quivered)
Armour
 b - a +0 robe
 c - a +0 ring mail
 h - a cursed +0 scale mail (worn)
 i - a +4 ring mail of poison resistance
Jewellery
 e - a +4 ring of protection {unknown}
Wands
 g - a wand of paralysis (3)
Comestibles
 d - 2 rations


   Skills:
 - Level 2.4 Fighting
 + Level 5.3 Short Blades
 - Level 3.6 Dodging
 - Level 2.4 Stealth


You had 3 spell levels left.
You didn't know any spells.
Your spell library was empty.

Dungeon Overview and Level Annotations

Branches:
Dungeon (4/15)
 Temple: D:4-7

Altars:
Vehumet

Annotations:
D:3 Robin


Message History

Are you sure you want to abandon this character and quit the game? (Confirm with "yes".)
Okay, then.
You hit the leopard gecko.
The leopard gecko is severely wounded.
The leopard gecko barely misses you.
The adder hisses angrily.
You hit the leopard gecko.
The leopard gecko is almost dead.
The leopard gecko bites you but does no damage.
You closely miss the leopard gecko.
The leopard gecko is almost dead.
* * * LOW HITPOINT WARNING * * *
You feel sick. The leopard gecko closely misses you.
You hit the leopard gecko.
You kill the leopard gecko!
* * * LOW HITPOINT WARNING * * *
You feel sick.
There is a stone staircase leading down here.
You aren't carrying any scrolls.
Are you sure you want to abandon this character and quit the game? (Confirm with "yes".)

#####.### #........
#@# .# #.# .# #.#
.# #S# .#
####†###.###
######.#..........#
#.................#
#.#.#.####..####..#
#.#.#.# #..####..#


You could see an adder.

Vanquished Creatures
  A howler monkey (D:4)
  Ijyb (D:3)
  An adder (D:3)
  A leopard gecko (D:2)
  2 giant cockroaches (D:4)
  2 goblins (D:3)
  5 hobgoblins
  5 jackals
  A kobold (D:3)
  2 quokkas
  A rat (D:3)
22 creatures vanquished.

Vanquished Creatures (others)
  An adder skeleton (D:4)
1 creature vanquished.

Grand Total: 23 creatures vanquished

Notes
Turn   | Place    | Note
-------+----------+-------------------------------------------
     0 | D:1      | Leszczynek the Deep Elf Monk began the quest for the Orb.
     0 | D:1      | Reached XP level 1. HP: 13/13 MP: 3/3
    11 | D:1      | Noticed a bullfrog
   117 | D:1      | HP: 2/13 [jackal (1)]
   424 | D:4      | Found a radiant altar of Vehumet.
   472 | D:4      | Reached XP level 2. HP: 17/18 MP: 4/4
   481 | D:4      | Noticed a howler monkey
   504 | D:4      | Killed a howler monkey
   504 | D:4      | Reached skill level 4 in Short Blades
   504 | D:4      | Reached XP level 3. HP: 22/22 MP: 5/5
   520 | D:4      | Noticed a black bear
   567 | D:4      | Noticed an ogre
   588 | D:3      | Noticed Ijyb
   613 | D:3      | Paralysed by Ijyb for 2 turns
   624 | D:3      | Paralysed by Ijyb for 2 turns
   637 | D:3      | Paralysed by Ijyb for 5 turns
   670 | D:3      | Killed Ijyb
   670 | D:3      | Reached skill level 5 in Short Blades
   670 | D:3      | Reached XP level 4. HP: 10/27 MP: 6/6
   673 | D:3      | he used it 11 times on me
   673 | D:3      | :)
  1120 | D:3      | Noticed Robin
  1144 | D:2      | HP: 5/27 [poisoned by an adder]
  1146 | D:2      | HP: 2/27 [leopard gecko (3)]
  1153 | D:2      | HP: 1/27 [poisoned by an adder]
  1154 | D:2      | Quit the game

Vault maps used:
D:1:      evilmike_arrival_come_back, grunt_decor_fettered
D:2:      lightli_temple_of_fire
D:3:      lemuel_doored_altar, first_ration, uniq_robin, uniq_ijyb
D:4:      fiery_altar_vehumet, nemelex_xobeh_ov_fountains_minmay,
          minmay_misc_feat_diagonals

Skill      XL: |  1  2  3 |
---------------+----------+-----
Short Blades   | 4 5 |  5.3
Fighting       | |  2.4
Dodging        | |  3.6
Stealth        | |  2.4

Action                   |  1- 3 |  4- 6 || total
-------------------------+-------+-------++-------
Melee: Short sword       |   122 |    68 ||   190
Throw: Stone             |     7 |    12 ||    19
  Use: Scroll            |     1 |     2 ||     3
       Potion            |     2 |       ||     2
  Eat: Chunk             |       |     2 ||     2
Armor: Ring mail         |     4 |       ||     4
       Scale mail        |    36 |    24 ||    60
       Skin              |    13 |       ||    13
Dodge: Dodged            |    34 |    25 ||    59

Table legend:
 A = Spawn XP
 B = Non-spawn XP
 C = Spawn XP percentage of total XP
 D = Spawn monster count
 E = Non-spawn monster count
 F = Spawn count percentage of total count
 G = Total turns spent on level
                    A         B        C        D         E        F      G
               +---------+---------+-------+---------+---------+-------+---------
         Total |       0 |     143 |   0.0 |       0 |      22 |   0.0 |  1154
               +---------+---------+-------+---------+---------+-------+---------
           D:1 |       0 |       8 |   0.0 |       0 |       4 |   0.0 |   362
           D:2 |       0 |       5 |   0.0 |       0 |       2 |   0.0 |    53
           D:3 |       0 |      69 |   0.0 |       0 |      12 |   0.0 |   563
           D:4 |       0 |      61 |   0.0 |       0 |       4 |   0.0 |   176
               +---------+---------+-------+---------+---------+-------+---------
